 Dungeon Crawl Stone Soup version 0.31-a0-164-g2312942fda (webtiles) character file.

Game seed: 9043335780371387648

24324 Pooter the Severer (level 12, -1/112 HPs)
             Began as a Minotaur Berserker on June 13, 2023.
             Was a Priest of Trog.
             Slain by a wolf spider (10 damage)
             ... on level 3 of the Lair of Beasts.
             The game lasted 01:03:46 (13732 turns).

Pooter the Severer (Minotaur Berserker)            Turns: 13732, Time: 01:03:46

Health: -1/112     AC: 25    Str: 25    XL:     12   Next: 79%
Magic:  11/11      EV:  5    Int:  4    God:    Trog [***...]
Gold:   687        SH:  5    Dex: 11    Spells: 11/11 levels left

rFire   . . .        a - +1 broad axe
rCold   + + .        (no shield)
rNeg    . . .        R - +5 crystal plate armour {ponderous}
rPois   +            i - +0 hat of Brilliance {Regen+ Str+3}
rElec   .            j - scarf {harm}
rCorr   .            z - +0 pair of gloves
SInv    .            p - +0 pair of boots {rampage}
Will    ++...        y - amulet of Yddorr {Reflect rPois rC++ Regen+ Str-4 SH+5} Stlth
                     (no ring)
HPRegen 2.98/turn    (no ring)
MPRegen 0.12/turn

%: harm (+30% outgoing, +20% incoming), reflection, rampage
@: mighty, lethally poisoned (-1 -> -2), strong-willed, regenerating, slow
A: horns 2, retaliatory headbutt
a: Renounce Religion, Berserk, Trog's Hand


You were on level 3 of the Lair of Beasts.
You worshipped Trog.
Trog was most pleased with you.
You visited 2 branches of the dungeon, and saw 14 of its levels.
You also visited: Ossuary.

You collected 852 gold pieces.
You spent 165 gold pieces at shops.

Inventory:

Hand Weapons
 a - a +1 broad axe (weapon)
   (You found it on level 2 of the Lair of Beasts)
 b - a +1 longbow of freezing
   (You acquired it on level 9 of the Dungeon)
 o - a +0 trident of protection
   (You took it off an orc warrior on level 8 of the Dungeon)
 H - a +0 dire flail
   (You took it off an orc warrior on level 7 of the Dungeon)
 O - a +4 war axe
   (You took it off a wight on level 7 of the Dungeon)
Missiles
 r - 6 curare-tipped darts
 s - 10 poisoned darts (quivered)
 E - 2 silver boomerangs
 J - 3 boomerangs
 Q - 80 stones
Armour
 i - the +0 hat of Brilliance (worn) {Regen+ Str+3}
   (You found it on level 2 of the Lair of Beasts)

   Str:       It affects your strength (+3).
   Regen:     It increases your rate of health regeneration.
 j - a scarf of harm (worn)
   (You found it on level 2 of the Dungeon)
 p - a +0 pair of boots of rampaging (worn)
   (You bought it in a shop on level 1 of the Dungeon)
 x - a +3 ring mail of cold resistance
   (You took it off Ijyb on level 5 of the Dungeon)
 z - a +0 pair of gloves (worn)
   (You found it on level 5 of the Dungeon)
 F - a +0 plate armour
   (You found it on level 7 of the Dungeon)
 R - a +5 crystal plate armour of ponderousness (worn)
   (You found it on level 2 of the Lair of Beasts)
 S - a scarf of shadows
   (You found it on level 2 of the Lair of Beasts)
Jewellery
 y - the amulet of Yddorr (around neck) {Reflect rPois rC++ Regen+ Str-4 SH+5}
   (You acquired it on level 9 of the Dungeon)

   [amulet of reflection]

   It reflects blocked missile attacks.
   Str:       It affects your strength (-4).
   rC:        It greatly protects you from cold.
   rPois:     It protects you from poison.
   Regen:     It increases your rate of health regeneration.
   SH:        It affects your SH (+5).
 C - the ring of Red Wine {Ice rElec rCorr Dex+5}
   (You found it on level 2 of the Lair of Beasts)

   [ring of ice]

   It enhances your ice magic.
   Dex:       It affects your dexterity (+5).
   rF:        It makes you vulnerable to fire.
   rC:        It protects you from cold.
   rElec:     It insulates you from electricity.
   rCorr:     It protects you from acid and corrosion.
 G - an amulet of guardian spirit
   (You found it on level 3 of the Dungeon)
 P - a ring of poison resistance
   (You took it off a kobold brigand on level 9 of the Dungeon)
Wands
 d - a wand of iceblast (18)
   (You found it on level 4 of the Dungeon)
 f - a wand of flame (14)
   (You found it on level 8 of the Dungeon)
 l - a wand of mindburst (13)
   (You took it off Ijyb on level 5 of the Dungeon)
 u - a wand of paralysis (7)
   (You found it on level 2 of the Lair of Beasts)
 D - a wand of digging (5)
   (You found it on level 9 of the Dungeon)
Scrolls
 c - 4 scrolls of fear
 n - 2 scrolls of immolation {!r}
 q - 2 scrolls of noise {!r}
 t - 4 scrolls of teleportation {@r4}
 v - 3 scrolls of revelation
 w - a scroll of silence
 M - 2 scrolls of fog
Potions
 e - 2 potions of lignification {!q}
 g - 3 potions of curing {unknown}
 h - 6 potions of heal wounds {@q2}
 k - 7 potions of attraction {!q}
 m - 5 potions of enlightenment
 A - 3 potions of might
 B - 2 potions of resistance {unknown}
 I - 2 potions of cancellation
 K - 2 potions of ambrosia {unknown}
 L - a potion of degeneration {unknown}
 N - a potion of mutation {unknown}
 T - 3 potions of haste {unknown}


   Skills:
 + Level 12.2 Fighting
 * Level 16.0 Axes
 * Level 14.8 Ranged Weapons
 * Level 5.5 Armour
 - Level 2.1 Dodging


You had 11 spell levels left.
You didn't know any spells.
Your spell library was empty.

Dungeon Overview and Level Annotations

Branches:
Dungeon (11/15)            Temple (0/1) D:7            Lair (3/5) D:9
  Swamp (0/4) Lair:2      Ossuary (visited)
  Snake: Lair:2-3    Spider: Lair:2-3       Orc: D:9-12

Altars:
Ashenzari
Cheibriados
Okawaru
Qazlal
Sif Muna
Uskayaw
Yredelemnul

Shops:
D:1 [   D:3 =


Innate Abilities, Weirdness & Mutations

You have a pair of horns on your head.
You reflexively headbutt those who attack you in melee.


Message History

You hit the wolf spider but do no damage.
You slash the wolf spider! You block the wolf spider's attack.
The wolf spider bites you but does no damage.
You block the wolf spider's attack. The wolf spider bites you.
The wolf spider barely misses you. The wolf spider bites you.
You barely miss the wolf spider. You hit the wolf spider. You slash the wolf!
You kill the wolf!
Trog accepts your kill. The wolf spider completely misses you.
The wolf spider bites you but does no damage.
The wolf spider hits you! The wolf spider bites you.
You are poisoned.
The wolf spider poisons you!
You closely miss the wolf spider. You slash the wolf spider!
You feel very sick. The wolf spider hits you.
* * * LOW HITPOINT WARNING * * *
The wolf spider bites you but does no damage.
The wolf spider hits you!
* * * LOW HITPOINT WARNING * * *
The wolf spider bites you but does no damage.
You feel very mighty all of a sudden.
You feel very sick.
The wolf spider hits you but does no damage.
The wolf spider bites you but does no damage.
The wolf spider hits you but does no damage.
You block the wolf spider's attack. The wolf spider hits you.
* * * LOW HITPOINT WARNING * * *
The wolf spider bites you but does no damage.
The wolf spider hits you but does no damage.
You block the wolf spider's attack.
You slash the wolf spider! You hit the wolf spider.
You feel very sick.
The wolf spider hits you but does no damage.
The wolf spider bites you.
* * * LOW HITPOINT WARNING * * *
The wolf spider hits you!
* * * LOW HITPOINT WARNING * * *
The wolf spider bites you but does no damage.
You closely miss the wolf spider. You headbutt the wolf spider!!
You barely miss the wolf spider.
You feel very sick. You block the wolf spider's attack.
The wolf spider bites you.
* * * LOW HITPOINT WARNING * * *
The wolf spider hits you but does no damage.
The wolf spider completely misses you.
Unknown command.
You slash the wolf spider! You hit the wolf spider.
You feel sick. The wolf spider hits you!
You die...

###....# ##
#.†....## #.##
#.<....# ....#
##.###.##
.....##########...#
.................##
.........)......##
......ss†..|...##
.....#@######.# ..#
### ###


You could see 2 wolf spiders.

Vanquished Creatures
  4 two-headed ogres
  3 boulder beetles (Lair:2)
  A lindwurm (Lair:2)
  A deep elf pyromancer (D:9)
  A wolf spider (Lair:2)
  A cyclops (D:9)
  A black mamba (Lair:2)
  4 cane toads
  4 rime drakes
  3 kobold demonologists (D:9)
  4 komodo dragons (Lair:1)
  A tyrant leech (Lair:2)
  3 trolls
  Prince Ribbit (D:6)
  Grinder (D:6)
  A polar bear (Lair:3)
  10 blink frogs
  A jumping spider (Lair:2)
  5 wyverns
  A vampire (D:10)
  12 yaks
  A steam dragon (D:10)
  A redback (Lair:2)
  10 wargs (D:9)
  3 swamp worms (Lair:2)
  An acid dragon (D:9)
  9 water moccasins
  A sky beast (D:7)
  8 orc warriors
  2 black bears (D:7)
  4 ogres
  2 phantoms
  2 wolves (Lair:3)
  A centaur (D:9)
  4 kobold brigands
  7 bullfrogs
  2 scorpions (D:6)
  7 gnoll sergeants (D:9)
  7 wights
  7 killer bees
  10 howler monkeys
  3 centaur zombies (Ossuary)
  3 lava snakes (Lair:2)
  2 hounds (D:6)
  3 jellies
  5 orc priests
  7 gnoll boudas
  2 sleepcaps
  4 iguanas
  Ijyb (D:5)
  11 orc wizards
  6 mummies (Ossuary)
  7 gnolls
  8 adders
  A shadow imp (D:6)
  2 white imps (D:6)
  2 worms (D:5)
  A dart slug (D:4)
  25 orcs
  3 ball pythons
  5 bats
  6 endoplasms
  2 giant cockroaches
  14 goblins
  3 hobgoblins
  7 jackals
  4 quokkas
  4 frilled lizards
  6 hobgoblin zombies (Ossuary)
  7 kobolds
  5 rats
  A spectral orc (D:6)
312 creatures vanquished.

Vanquished Creatures (others)
  A kobold (D:8)
1 creature vanquished.

Grand Total: 313 creatures vanquished

Notes
Turn   | Place    | Note
-------+----------+-------------------------------------------
     0 | D:1      | Pooter the Minotaur Berserker began the quest for the Orb.
     0 | D:1      | Reached XP level 1. HP: 19/19 MP: 0/0
    77 | D:1      | Reached skill level 1 in Ranged Weapons
   130 | D:1      | Reached XP level 2. HP: 27/27 MP: 1/1
   131 | D:1      | Reached skill level 4 in Axes
   347 | D:1      | Found Moprioja's Antique Armour Boutique.
   442 | D:1      | Found a faded altar of an unknown god.
   641 | D:2      | Reached XP level 3. HP: 16/33 MP: 2/2
  1561 | D:3      | Found Tacas's Jewellery Emporium.
  1638 | D:3      | Reached ** piety under Trog
  1684 | D:3      | Reached XP level 4. HP: 40/40 MP: 3/3
  1686 | D:3      | Reached skill level 5 in Axes
  1984 | D:1      | Bought a pair of glowing boots for 165 gold pieces
  2556 | D:4      | Noticed a water moccasin
  2561 | D:4      | Reached XP level 5. HP: 43/47 MP: 2/4
  2563 | D:4      | Killed a water moccasin
  2564 | D:4      | Reached XP level 6. HP: 49/55 MP: 2/5
  2705 | D:4      | Found a snail-covered altar of Cheibriados.
  2808 | D:4      | Reached skill level 6 in Axes
  3111 | D:5      | Entered Level 5 of the Dungeon
  3210 | D:5      | Reached skill level 5 in Fighting
  3421 | D:5      | Noticed Ijyb
  3440 | D:5      | Killed Ijyb
  3603 | D:5      | Reached skill level 5 in Ranged Weapons
  3603 | D:5      | Reached XP level 7. HP: 61/61 MP: 3/6
  3758 | D:5      | Reached skill level 7 in Axes
  4018 | D:5      | Found an iron altar of Okawaru.
  4018 | D:5      | Found a stormy altar of Qazlal.
  4318 | D:6      | Noticed Prince Ribbit
  4332 | D:6      | Killed Prince Ribbit
  4333 | D:6      | Reached skill level 8 in Axes
  4333 | D:6      | Reached XP level 8. HP: 34/70 MP: 4/7
  4466 | D:6      | Found a sand-covered staircase.
  4475 | Ossuary  | Entered an ossuary
  4693 | D:6      | Noticed Grinder
  4701 | D:6      | Killed Grinder
  4712 | D:6      | Reached skill level 9 in Axes
  5037 | D:6      | Reached XP level 9. HP: 70/79 MP: 4/8
  5430 | D:6      | Found a basalt altar of Yredelemnul.
  5871 | D:7      | Reached skill level 10 in Axes
  5949 | D:7      | Found a staircase to the Ecumenical Temple.
  6051 | D:7      | Reached *** piety under Trog
  6655 | D:7      | Found a hide-covered altar of Uskayaw.
  6800 | D:7      | Reached skill level 11 in Axes
  7842 | D:9      | Reached XP level 10. HP: 78/90 MP: 9/9
  7909 | D:9      | Found a staircase to the Lair.
  7929 | D:8      | Reached skill level 10 in Ranged Weapons
  8161 | D:9      | Identified 2 scrolls of acquirement
  8161 | D:9      | Acquired a +1 longbow of freezing
  8164 | D:9      | Acquired the amulet of Yddorr {Reflect rPois rC++ Regen+
                  | Str-4 SH+5}
  8369 | D:9      | Noticed a two-headed ogre
  8380 | D:9      | Killed a two-headed ogre
  8381 | D:9      | Reached skill level 12 in Axes
  8439 | D:9      | Noticed a deep elf pyromancer
  8449 | D:9      | Noticed a two-headed ogre
  8452 | D:9      | Killed a deep elf pyromancer
  8729 | D:9      | Killed a two-headed ogre
  8730 | D:9      | Reached skill level 13 in Axes
  8742 | D:9      | Noticed a two-headed ogre
  8806 | D:9      | Killed a two-headed ogre
  8807 | D:9      | Reached XP level 11. HP: 99/99 MP: 10/10
  9399 | D:9      | Reached skill level 10 in Fighting
 10085 | D:9      | Reached skill level 14 in Axes
 10660 | D:10     | Entered Level 10 of the Dungeon
 10663 | D:10     | Found a broken altar of Ashenzari.
 10672 | D:10     | Noticed a two-headed ogre
 10679 | D:10     | Killed a two-headed ogre
 10794 | D:10     | Found a shimmering blue altar of Sif Muna.
 11234 | Lair:1   | Entered Level 1 of the Lair of Beasts
 11647 | Lair:1   | Identified the +11 dagger of the Growing Viper {drain,
                  | rPois Str+7}
 11756 | Lair:1   | Reached skill level 15 in Axes
 11863 | Lair:1   | Reached XP level 12. HP: 96/110 MP: 11/11
 11924 | Lair:1   | Reached **** piety under Trog
 13296 | Lair:2   | Found a staircase to the Swamp.
 13398 | Lair:2   | Found a runed translucent door.
 13422 | Lair:2   | Reached skill level 16 in Axes
 13451 | Lair:2   | Identified the +0 hat of Brilliance {Regen+ Str+3}
 13458 | Lair:2   | Found a runed translucent gate.
 13458 | Lair:2   | Found a runed translucent gate.
 13458 | Lair:2   | Found a runed translucent gate.
 13458 | Lair:2   | Found a runed translucent gate.
 13458 | Lair:2   | Found a runed translucent gate.
 13458 | Lair:2   | Found a runed translucent gate.
 13458 | Lair:2   | Noticed a boulder beetle
 13458 | Lair:2   | Noticed a boulder beetle
 13459 | Lair:2   | Noticed a boulder beetle
 13469 | Lair:2   | Killed a boulder beetle
 13473 | Lair:2   | Killed a boulder beetle
 13475 | Lair:2   | Killed a boulder beetle
 13476 | Lair:2   | Reached skill level 5 in Armour
 13492 | Lair:2   | Identified the ring of Red Wine {Ice rElec rCorr Dex+5}
 13732 | Lair:3   | Slain by a wolf spider

Illustrated notes

Levels and vault maps discovered:
D:1:      spicycebolla_green_bress_n_ham_2, layout_basic, serial_shops, shop,
          hellmonk_ecumenical_altar_crossroads, hangedman_decor_growths
D:2:      layout_basic
D:3:      layout_basic, serial_shops, nicolae_shop_gaudy_bauble,
          minmay_misc_feat_enclosed, corexii_shack
D:4:      layout_cave_pools, mainiacjoe_overflow_chevrons
D:5:      minmay_evil_eye, layout_gridville, gammafunk_temple_overflow_wave,
          uniq_ijyb
D:6:      layout_loops_ring, yredelemnul_forgotten_temple_becter,
          nicolae_ossuary_entry_ruins, minmay_tree_intersection,
          minmay_ogre_servants, uniq_prince_ribbit1, uniq_grinder
D:7:      black_bear_nest_2, layout_basic, general_overflow_altar,
          minmay_temple_entry_stoned_glass, minmay_misc_feat_pillars
D:8:      layout_basic, grunt_ministairs_2
D:9:      lemuel_castle_with_subvaults [lemuel_castle_interior_carwin_3],
          layout_stronghold, lair_entry_dummy, kennysheep_generic_room_12
D:10:     layout_rooms, nicolae_sif_muna_little_library,
          nicolae_overflow_crystal_walls
D:11:     layout_basic
Lair:1:   layout_cave_pods, serial_bayou_shore_b, serial_bayou_shore_a,
          grunt_megastairs_3
Lair:2:   gammafunk_indiana_jones, layout_regular_city,
          minmay_swamp_entry_worms, dreamdust_deal_with_the_devil,
          chequers_serial_rivers_micro_e
Lair:3:   layout_misc_corridors, spider_nest_entry_a,
          nicolae_lair_run_with_the_wolves, uniq_nessos, uniq_rupert

Skill      XL: |  1  2  3  4  5  6  7  8  9 10 11 12 |
---------------+-------------------------------------+-----
Ranged Weapons | 1 2 3 4 5 6 8 9 11 13 14 | 14.8
Axes           | 4 5 6 8 9 11 13 15 16 | 16.0
Fighting       | 4 5 6 7 8 9 11 12 | 12.2
Armour         | 5 |  5.5
Dodging        | |  2.1

Action                     |  1- 3 |  4- 6 |  7- 9 | 10-12 || total
---------------------------+-------+-------+-------+-------++-------
  Melee: Hand axe          |    61 |    71 |   126 |       ||   258
         Headbutt          |     4 |     9 |    40 |    64 ||   117
         Punch             |       |       |     2 |     1 ||     3
         War axe           |       |       |    71 |   303 ||   374
         Broad axe         |       |       |       |    14 ||    14
   Fire: Shortbow          |       |    32 |    90 |     2 ||   124
         Longbow           |       |       |       |   168 ||   168
  Throw: Stone             |       |       |     1 |       ||     1
         Dart              |       |       |     1 |       ||     1
 Invoke: Berserk           |     2 |     2 |    10 |    13 ||    27
         Trog's Hand       |     1 |     2 |     5 |    16 ||    24
  Evoke: Wand              |       |       |     2 |     3 ||     5
    Use: Scroll            |     2 |     6 |     5 |     8 ||    21
         Potion            |       |       |     1 |     2 ||     3
   Stab: Sleeping          |     2 |       |       |       ||     2
         Invisible         |       |       |       |     7 ||     7
 Armour: Animal skin       |    15 |       |       |       ||    15
         Chain mail        |     4 |    27 |       |       ||    31
         Ring mail         |       |     1 |    40 |       ||    41
         Skin              |       |       |     6 |       ||     6
         Plate armour      |       |       |    59 |    82 ||   141
         Crystal plate arm |       |       |       |    61 ||    61
  Dodge: Dodged            |    31 |    37 |    74 |    65 ||   207
  Block: Other             |       |       |       |    56 ||    56
         Reflection        |       |       |       |     1 ||     1

Table legend: (Time is in decaauts)
 A = Elapsed time spent in this place.
 B = Non-inter-level travel time spent in this place.
 C = Inter-level travel time spent in this place.
 D = Time resting spent in this place.
 E = Time spent auto-exploring this place.
 F = Levels seen in this place.
 G = Mean time per level.
                   A        B        C        D        E       F      G
               +--------+--------+--------+--------+--------+-----+--------+
         Total |  14059 |  13564 |    495 |   3710 |   7482 |  15 |  937.3 |
       Dungeon |  11361 |  10930 |    431 |   3041 |   6012 |  11 | 1032.8 |
          Lair |   2561 |   2497 |     64 |    628 |   1445 |   3 |  853.7 |
       Ossuary |    136 |    136 |      0 |     41 |     25 |   1 |  136.0 |
               +--------+--------+--------+--------+--------+-----+--------+

Top non-repeatable levels by time:
     D:9: 2775 daAuts
  Lair:1: 1565 daAuts
     D:7: 1400 daAuts
     D:5: 1227 daAuts
     D:8: 1211 daAuts
     D:6: 1089 daAuts
  Lair:2: 967 daAuts
     D:3: 953 daAuts
     D:2: 871 daAuts
     D:4: 763 daAuts
     D:1: 563 daAuts
    D:10: 504 daAuts
 Ossuary: 136 daAuts
  Lair:3: 29 daAuts
    D:11: 1 daAuts
